 Dungeon Crawl Stone Soup version 0.25-a0-316-gd28d56f9c5 (webtiles) character file.

Game seed: 814863303163409960, levelgen mode: classic

93 Borgoz the Cudgeler (level 4, -1/27 HPs)
             Began as a Gargoyle Gladiator on Dec 24, 2019.
             Slain by a water moccasin (5 damage)
             ... on level 3 of the Dungeon.
             The game lasted 00:02:36 (2002 turns).

Borgoz the Cudgeler (Gargoyle Gladiator)            Turns: 2002, Time: 00:02:36

Health: -1/27      AC:  7    Str: 14 (17) XL:     4   Next: 61%
Magic:  4/4        EV: 12    Int:  8 (9)  God:
Gold:   69         SH:  0    Dex: 10 (12) Spells: 3/3 levels left

rFire    . . .     SeeInvis .   a - +0 flail
rCold    . . .     Gourm    .   (no shield)
rNeg     + . .     Faith    .   b - +0 leather armour
rPois    ∞         Spirit   .   c - +0 helmet
rElec    +         Reflect  .   (no cloak)
rCorr    .         Harm     .   (no gloves)
MR       .....                  (no boots)
Stlth    +.........             (no amulet)
HPRegen  0.09/turn              (no ring)
MPRegen  0.09/turn              (no ring)

@: hasted, very quick
A: negative energy resistance 1, electricity resistance, unbreathing,
petrification resistance, rot immunity, AC +3
a: no special abilities


You were on level 3 of the Dungeon.
You were hungry.

You visited 1 branch of the dungeon, and saw 3 of its levels.

You collected 69 gold pieces.

Inventory:

Hand Weapons
 a - a +0 flail (weapon)
Armour
 b - a +0 leather armour (worn)
 c - a +0 helmet (worn)
Jewellery
 h - a cursed ring of attention {unknown}
 l - an uncursed ring of flight {unknown}
 m - a +2 ring of evasion {unknown}
Scrolls
 g - 5 scrolls of identify {unknown}
 j - 3 scrolls of remove curse {unknown}
 o - a scroll of enchant weapon {unknown}
Comestibles
 f - 7 rations


   Skills:
 + Level 2.8 Fighting
 * Level 3.8 Maces & Flails
 - Level 1.7 Throwing
 + Level 1.6 Armour
 * Level 3.1 Dodging


You had 3 spell levels left.
You didn't know any spells.
Your spell library was empty.

Dungeon Overview and Level Annotations

Branches:
Dungeon (3/15)

Altars:


Innate Abilities, Weirdness & Mutations

You are resistant to torment.
Your stone body is resilient. (AC +3)
You are immune to poison.
You resist negative energy. (rN+)
You are resistant to electric shocks. (rElec)
You can survive without breathing.
You are immune to petrification.
You are immune to rotting.


Message History

The water moccasin bites you but does no damage.
It was a potion of cancellation.
You feel magically purged. The water moccasin bites you.
You feel yourself speed up. The water moccasin bites you.
* * * LOW HITPOINT WARNING * * *
The water moccasin completely misses you.
You miss the water moccasin.
The water moccasin is severely wounded.
The water moccasin misses you.
You completely miss the water moccasin.
The water moccasin is severely wounded.
The water moccasin bites you but does no damage.
Unknown command.
You hit the water moccasin but do no damage.
The water moccasin is severely wounded.
The water moccasin completely misses you.
You barely miss the water moccasin.
The water moccasin is severely wounded.
The water moccasin bites you.
You die...

###########
#...S.....#
#.###@##.##
#.#.......#
#.#......##
#.#.#.....#
#.#.#.....#
#.#.####.##
#.#......#
#. #.
#.########
.##.# #.#


You could see a water moccasin.

Vanquished Creatures
  4 adders (D:2)
  An ooze (D:1)
  A worm (D:2)
  A dart slug (D:2)
  A leopard gecko (D:1)
  4 bats
  4 giant cockroaches (D:2)
  3 goblins (D:2)
  6 hobgoblins
  7 jackals
  4 kobolds
  5 frilled lizards (D:2)
  3 rats
44 creatures vanquished.

Vanquished Creatures (others)
  A plant (D:3)
1 creature vanquished.

Grand Total: 45 creatures vanquished

Notes
Turn   | Place    | Note
-------+----------+-------------------------------------------
     0 | D:1      | Borgoz the Gargoyle Gladiator began the quest for the Orb.
     0 | D:1      | Reached XP level 1. HP: 12/12 MP: 1/1
   175 | D:1      | Reached XP level 2. HP: 18/18 MP: 2/2
   597 | D:2      | Reached skill level 1 in Armour
   597 | D:2      | Reached XP level 3. HP: 22/22 MP: 3/3
  1021 | D:2      | Reached XP level 4. HP: 21/27 MP: 4/4
  1930 | D:3      | Noticed a water moccasin
  2002 | D:3      | Slain by a water moccasin

Levels and vault maps discovered:
D:1:      dpeg_arrival_rooms_c, layout_loops_cross
D:2:      layout_loops_corners, first_ration, kennysheep_boxes
D:3:      minmay_thinvault, layout_basic, cheibrodos_sewer_entry_bend,
          serial_bayou_lagoon_a

Skill      XL: |  1  2  3 |
---------------+----------+-----
Armour         | 1 |  1.6
Dodging        | 3 |  3.1
Fighting       | |  2.8
Maces & Flails | |  3.8
Throwing       | |  1.7

Action                   |  1- 3 |  4- 6 || total
-------------------------+-------+-------++-------
Melee: Flail             |   103 |   103 ||   206
Throw: Throwing net      |       |     3 ||     3
  Use: Potion            |     2 |     5 ||     7
 Stab: Held in net/web   |       |     1 ||     1
  Eat: Chunk             |       |     3 ||     3
Armor: Leather armour    |    51 |    37 ||    88
Dodge: Dodged            |    96 |    78 ||   174

Table legend:
 A = Non-vault XP
 B = Vault XP
 C = Vault XP percentage of total XP
 D = Non-vault monster count
 E = Vault monster count
 F = Vault count percentage of total count
                 A         B        C        D         E       F
            +---------+---------+-------+---------+---------+-------
      Total |     133 |       0 |   0.0 |      44 |       0 |   0.0
            +---------+---------+-------+---------+---------+-------
        D:1 |      25 |       0 |   0.0 |      11 |       0 |   0.0
        D:2 |     108 |       0 |   0.0 |      33 |       0 |   0.0
            +---------+---------+-------+---------+---------+-------
